 Dungeon Crawl Stone Soup version 0.30-a0-222-ge547ba4400 (webtiles) character file.

Game seed: 7890418512220190468

1572 heikuro the Shield-Bearer (level 9, -3/69 HPs)
             Began as a Formicid Fighter on Oct 8, 2022.
             Was an Initiate of Gozag.
             Slain by Duvessa
             ... wielding a +0 short sword
              (17 damage)
             ... on level 6 of the Dungeon.
             The game lasted 00:13:04 (5681 turns).

heikuro the Shield-Bearer (Formicid Fighter)        Turns: 5681, Time: 00:13:05

Health: -3/69      AC: 14    Str: 26    XL:     9   Next: 13%
Magic:  9/9        EV:  7    Int:  7    God:    Gozag
Gold:   245        SH:  6    Dex: 13    Spells: 8/8 levels left

rFire   + . .      SeeInvis +    a - +0 halberd
rCold   . . .      Faith    .    c - +0 buckler
rNeg    . . .      Spirit   .    i - +0 plate armour
rPois   .          Reflect  .    (helmet unavailable)
rElec   .          Harm     .    (no cloak)
rCorr   .          Rampage  .    n - +1 Delatra's gloves {ID++}
Will    .....                    (no boots)
Stlth   ..........               (no amulet)
HPRegen 0.31/turn                y - ring of protection from fire
MPRegen 0.11/turn                (no ring)

@: gold aura
A: permanent stasis, dig shafts and tunnels, antennae 3, four strong arms
a: Dig, Shaft Self, Renounce Religion, Potion Petition, Call Merchant, Bribe
Branch


You were on level 6 of the Dungeon.
You worshipped Gozag.
Gozag was aware of your devotion.
You visited 1 branch of the dungeon, and saw 6 of its levels.

You collected 773 gold pieces.
You paid 528 gold pieces to Gozag.

Inventory:

Hand Weapons
 a - a +0 halberd (weapon)
 b - a +0 dagger of venom
Missiles
 w - 8 poisoned darts
 F - a curare-tipped dart
Armour
 c - a +0 buckler (worn)
 i - a +0 plate armour (worn)
 n - the +1 Delatra's gloves (worn) {ID++}
   (You found it on level 2 of the Dungeon)

   It heals its wearer when they drink unknown potions.
   It restores its wearer's MP when they read unknown scrolls.
Jewellery
 y - a ring of protection from fire (left hand)
Wands
 A - a wand of quicksilver (8)
Scrolls
 e - a scroll of blinking {unknown}
 f - 2 scrolls of fear
 h - a scroll of enchant weapon {unknown}
 l - 2 scrolls of amnesia
 r - 4 scrolls of butterflies
 s - 2 scrolls of magic mapping {unknown}
 t - a scroll of teleportation {unknown}
 u - a scroll of poison {unknown}
 z - 2 scrolls of immolation {unknown}
 B - a scroll of summoning {unknown}
 C - a scroll of torment {unknown}
 D - a scroll of vulnerability {unknown}
 E - 2 scrolls of identify
Potions
 d - 2 potions of might
 g - 2 potions of curing
 j - a potion of lignification
 k - a potion of invisibility
 m - 2 potions of haste {unknown}
 o - a potion of attraction
 p - a potion of resistance
 q - 2 potions of heal wounds {unknown}
 v - a potion of brilliance {unknown}
 x - a potion of flight {unknown}


   Skills:
 + Level 5.9 Fighting
 * Level 6.7 Polearms
 + Level 6.0 Armour
 + Level 7.1 Shields
 + Level 3.9 Evocations


You had 8 spell levels left.
You didn't know any spells.
Your spell library contained the following spells:

 Spells                   Type           Power      Damage    Failure   Level
 Kiss of Death            Conj/Necr      0%         2d5       100%        1
 Ensorcelled Hibernation  Hex/Ice        0%         N/A       100%        2
 Passwall                 Tmut/Erth      0%         N/A       100%        2
 Confusing Touch          Hex            0%         N/A       100%        3
 Gell's Gravitas          Tloc           0%         N/A       100%        3
 Inner Flame              Hex/Fire       0%         N/A       100%        3
 Teleport Other           Tloc           0%         N/A       100%        3
 Cause Fear               Hex            0%         N/A       100%        4
 Dispel Undead            Necr           0%         3d6       100%        4
 Yara's Violent Unravell  Hex/Tmut       0%         3d3       100%        5
 Dispersal                Tloc           0%         N/A       100%        6
 Enfeeble                 Hex            0%         N/A       100%        7
 Discord                  Hex            0%         N/A       100%        8
 Swiftness                Air            Unusable   N/A       N/A         3

Dungeon Overview and Level Annotations

Branches:
Dungeon (6/15)
 Temple: D:4-7

Altars:
Dithmenos
Elyvilon
Gozag
Qazlal
Sif Muna
Wu Jian
The Shining One

Shops:
D:3 (

Annotations:
D:6 Duvessa


Innate Abilities, Weirdness & Mutations

You cannot be hasted, slowed, berserked, paralysed or teleported.
You can dig through walls and to a lower floor.
You have a pair of large antennae on your head. (SInv)
Your four strong arms can wield two-handed weapons with a shield.


Message History

Duvessa says, "My weaknesses are his strengths!"
Duvessa barely misses you.
Dowan points at you and mumbles some strange words.
The puff of frost hits you.
You miss Dowan.
Dowan is moderately wounded.
You block Duvessa's attack. Dowan closely misses you.
You slash Dowan!
Dowan is severely wounded.
Duvessa hits you with a +0 short sword. Dowan hits you but does no damage.
You hit Dowan.
Dowan is almost dead.
You block Duvessa's attack. Dowan closely misses you.
You slash Dowan!
You kill Dowan!
Duvessa screams, "No!
How DARE you!"
Duvessa goes berserk!
You block Duvessa's attack. Duvessa hits you but does no damage.
Your Armour skill increases to level 6!
You slash Duvessa!
Duvessa is lightly wounded.
Duvessa is distracted by your dazzling golden aura.
You barely miss Duvessa.
Duvessa is no longer distracted by gold.
Duvessa is lightly wounded.
Duvessa hits you but does no damage. You block Duvessa's attack.
You hit Duvessa.
Duvessa is moderately wounded.
Duvessa hits you with a +0 short sword.
You puncture Duvessa!
Duvessa is moderately wounded.
Duvessa hits you with a +0 short sword! x2
You are too injured to fight recklessly!
You hit Duvessa but do no damage.
Duvessa is moderately wounded.
Duvessa hits you with a +0 short sword!
* * * LOW HITPOINT WARNING * * *
Duvessa hits you with a +0 short sword!
You die...
Your body crumbles into a pile of gold.

#.#.###.### #...# #. ##.#........
#...# #. ..........######
####...#### #.
##.............#####.........###.
#..####..####.#.................
#..# .........................
#..#####.###....##.##....######<
#..>...........e.........# #.
##.#####.###...@##.###...# #. #.#
#....#.#$##.# #..## .)
#.#####.####.#.##.# #..# #..
#>...........#.##.# #..## #..
#######.###....##.###...#####..
#.....#####.............# #######
#####...##.##. .........
...........


You could see Duvessa (berserk).

Vanquished Creatures
  An ice beast (D:6)
  A black bear (D:5)
  3 ogres
  A phantom (D:5)
  A kobold brigand (D:6)
  4 scorpions (D:4)
  A necrophage (D:6)
  Dowan (D:6)
  2 jellies (D:4)
  A howler monkey (D:6)
  2 hounds
  An orc priest (D:5)
  An orc wizard (D:2)
  Terence (D:2)
  4 iguanas
  9 gnolls
  8 adders
  2 white imps
  3 worms
  2 dart slugs (D:5)
  13 orcs
  15 ball pythons
  10 bats
  9 endoplasms
  2 giant cockroaches (D:1)
  7 goblins
  3 hobgoblins
  3 jackals (D:1)
  5 quokkas
  5 frilled lizards
  A goblin zombie (D:4)
  5 kobolds
  2 kobold skeletons (D:4)
  2 orc skeletons (D:4)
  2 orc zombies (D:4)
  7 rats
140 creatures vanquished.

Notes
Turn   | Place    | Note
-------+----------+-------------------------------------------
     0 | D:1      | heikuro the Formicid Fighter began the quest for the Orb.
     0 | D:1      | Reached XP level 1. HP: 18/18 MP: 1/1
   147 | D:1      | Reached XP level 2. HP: 24/24 MP: 2/2
   475 | D:1      | Reached XP level 3. HP: 29/29 MP: 3/3
   915 | D:2      | Reached XP level 4. HP: 36/37 MP: 4/4
  1349 | D:2      | Noticed Terence
  1356 | D:2      | Killed Terence
  1357 | D:2      | Reached XP level 5. HP: 35/42 MP: 5/5
  1636 | D:2      | Found the +1 Delatra's gloves {ID++}
  1644 | D:2      | Reached skill level 5 in Shields
  1973 | D:3      | Found an opulent altar of Gozag.
  2014 | D:3      | Became a worshipper of Gozag Ym Sagoz the Greedy
  2039 | D:3      | Found Vyuvaoc's Weapon Boutique.
  2312 | D:3      | Found an ornate altar of the Wu Jian Council.
  2355 | D:3      | Reached XP level 6. HP: 31/48 MP: 6/6
  3131 | D:4      | Reached skill level 1 in Evocations
  3230 | D:4      | Reached XP level 7. HP: 55/55 MP: 7/7
  3414 | D:4      | Found a glowing golden altar of the Shining One.
  3676 | D:4      | Found a shimmering blue altar of Sif Muna.
  3835 | D:4      | Found a shadowy altar of Dithmenos.
  3966 | D:4      | Reached skill level 5 in Polearms
  3966 | D:4      | Reached skill level 5 in Armour
  4077 | D:5      | Entered Level 5 of the Dungeon
  4127 | D:5      | Reached skill level 5 in Fighting
  4127 | D:5      | Reached skill level 6 in Shields
  4127 | D:5      | Reached XP level 8. HP: 48/62 MP: 8/8
  4182 | D:5      | Found a stormy altar of Qazlal.
  4571 | D:5      | Found a white marble altar of Elyvilon.
  5296 | D:6      | Reached XP level 9. HP: 30/69 MP: 9/9
  5495 | D:6      | Reached skill level 7 in Shields
  5660 | D:6      | Noticed Dowan
  5662 | D:6      | Noticed Duvessa
  5676 | D:6      | Killed Dowan
  5681 | D:6      | Slain by Duvessa

Illustrated notes

Levels and vault maps discovered:
D:1:      heliophobic_arrival_dark_side_of_the_moon, layout_loops_cross,
          minivault_26, feat_on_display
D:2:      minmay_chambers_of_twos, layout_rooms, pf_guarded_unrand_delatra,
          uniq_terence
D:3:      layout_basic, nzn_wu_jian_contemplation,
          nicolae_overflow_crystal_walls, serial_shops, shop_statue
D:4:      layout_loops_corners, grunt_dithmenos_smoke_and_mirrors,
          old_standard_altar, nicolae_tso_besieged_by_evil
D:5:      layout_basic, elyvilon_altar_5, nicolae_qazlal_general_emergency
D:6:      layout_loops_ring, kennysheep_generic_room_6, uniq_duvessa

Skill      XL: |  1  2  3  4  5  6  7  8  9 |
---------------+----------------------------+-----
Polearms       | 3 4 5 6 |  6.7
Armour         | 4 5 6 |  6.0
Fighting       | 4 5 |  5.9
Shields        | 5 6 7 |  7.1
Evocations     | 1 2 3 |  3.9

Action                   |  1- 3 |  4- 6 |  7- 9 || total
-------------------------+-------+-------+-------++-------
Melee: Trident           |   122 |    41 |       ||   163
       Halberd           |       |   174 |   223 ||   397
       Dagger            |       |     4 |     1 ||     5
Invok: Potion Petition   |       |       |     1 ||     1
 Abil: Dig               |       |     2 |       ||     2
  Use: Scroll            |       |     7 |     2 ||     9
       Potion            |       |       |     1 ||     1
 Stab: Distracted        |       |       |     1 ||     1
Armor: Plate armour      |    47 |   133 |   117 ||   297
       Scale mail        |    13 |       |       ||    13
Dodge: Dodged            |    43 |    58 |    49 ||   150
Block: Buckler           |    25 |    53 |    52 ||   130

Table legend: (Time is in decaauts)
 A = Elapsed time spent in this place.
 B = Non-inter-level travel time spent in this place.
 C = Inter-level travel time spent in this place.
 D = Time resting spent in this place.
 E = Time spent auto-exploring this place.
 F = Levels seen in this place.
 G = Mean time per level.
                   A        B        C        D        E       F      G
               +--------+--------+--------+--------+--------+-----+--------+
         Total |   5832 |   5644 |    188 |    863 |   2346 |   6 |  972.0 |
       Dungeon |   5832 |   5644 |    188 |    863 |   2346 |   6 |  972.0 |
               +--------+--------+--------+--------+--------+-----+--------+

Top non-repeatable levels by time:
     D:4: 1126 daAuts
     D:3: 1101 daAuts
     D:1: 1047 daAuts
     D:5: 1020 daAuts
     D:2: 918 daAuts
     D:6: 617 daAuts
